PAAA
SANTA BARBARA GOLDEN CRANES @ BLOOMINGTON LONGNECKS
05/08/2034
 
TOP OF THE 1ST
Santa Barbara Golden Cranes batting - Pitching for Bloomington Longnecks : LHP Robby Oglethorpe
Pitching: LHP Robby Oglethorpe
Batting: LHB Tom Haymon 0-0: Ball
1-0: Called Strike
1-1: Foul Ball, location: 2F
1-2: Ground out 4-3 (Groundball, 4)
Batting: RHB Gerardo Vázquez 0-0: Foul Ball, location: 2F
0-1: Ground out 6-3 (Groundball, 6)
Batting: RHB James Pike 0-0: Called Strike
0-1: Swinging Strike
0-2: Ball
1-2: Foul Ball, location: 2F
1-2: Fly out, F8 (Flyball, 8LD)
Top of the 1st over - 0 runs, 0 hits, 0 errors, 0 left on base; Santa Barbara 0 - Bloomington 0
BOTTOM OF THE 1ST
Bloomington Longnecks batting - Pitching for Santa Barbara Golden Cranes : RHP Russ Horne
Pitching: RHP Russ Horne
Batting: SHB Benedict Patel 0-0: Foul Ball, location: 2F
0-1: Fly out, F9 (Flyball, 9LS)
Batting: RHB Yu-shu Tseng 0-0: Fly out, F5 (Popup, 5)
Batting: RHB Toussiant L'Ouverture 0-0: Ball
1-0: SINGLE (Groundball, 34D)
Batting: RHB Carlos Cardona 0-0: Foul Ball, location: 2F
0-1: Called Strike
0-2: Ball
1-2: Strikes out swinging
Bottom of the 1st over - 0 runs, 1 hit, 0 errors, 1 left on base; Santa Barbara 0 - Bloomington 0
TOP OF THE 2ND
Santa Barbara Golden Cranes batting - Pitching for Bloomington Longnecks : LHP Robby Oglethorpe
Batting: LHB Xu Cheng 0-0: Foul Ball, location: 2F
0-1: SINGLE (Groundball, 34D)
Batting: RHB Gilbert Graham 0-0: Called Strike
Xu Cheng steals 2nd base
0-1: Foul Ball, location: 2F
0-2: Strikes out looking
Batting: LHB Su-wu Xiao 0-0: Called Strike
0-1: Ball
1-1: Foul Ball, location: 2F
1-2: Ball
2-2: Ground out U3 (Groundball, 3L)
Xu Cheng to third
Batting: LHB Jin-song Seah 0-0: Ball
1-0: Ground out 4-3 (Groundball, 4S)
Top of the 2nd over - 0 runs, 1 hit, 0 errors, 1 left on base; Santa Barbara 0 - Bloomington 0
BOTTOM OF THE 2ND
Bloomington Longnecks batting - Pitching for Santa Barbara Golden Cranes : RHP Russ Horne
Batting: LHB Henk van Aardschot 0-0: Ball
1-0: Called Strike
1-1: Called Strike
1-2: Foul Ball, location: 2F
1-2: Strikes out swinging
Batting: RHB Sébastien Bernard 0-0: Swinging Strike
0-1: Ground out 6-3 (Groundball, 56)
Batting: RHB Fletcher Megarity 0-0: Foul Ball, location: 2F
0-1: Called Strike
0-2: Ground out 5-3 (Groundball, 5S)
Bottom of the 2nd over - 0 runs, 0 hits, 0 errors, 0 left on base; Santa Barbara 0 - Bloomington 0
TOP OF THE 3RD
Santa Barbara Golden Cranes batting - Pitching for Bloomington Longnecks : LHP Robby Oglethorpe
Batting: RHB Sun-jae Kwak 0-0: Ball
1-0: SINGLE (Groundball, 6MD)
Batting: RHB Rocky Zolman 0-0: Ball
1-0: Fly out, F9 (Flyball, 9D)
Batting: LHB Tom Haymon 0-0: Called Strike
0-1: Foul Ball, location: 2F
0-2: Ball
1-2: Ball
2-2: Ball
3-2: Hit by Pitch
Sun-jae Kwak to second
Batting: RHB Gerardo Vázquez 0-0: Foul Ball, location: 2F
0-1: SINGLE (Line Drive, 89S)
Sun-jae Kwak to third
Tom Haymon to second
Runner from 3rd tries for Home, SAFE, no throw
Batting: RHB James Pike 0-0: Called Strike
0-1: Called Strike
0-2: Ball
1-2: Ball
2-2: Foul Ball, location: 2F
2-2: Fly out, F4 (Popup, 34)
Batting: LHB Xu Cheng 0-0: Ball
1-0: Ball
2-0: Called Strike
2-1: SINGLE (Flyball, 8LS)
Tom Haymon to third
Gerardo Vázquez to second
Runner from 3rd tries for Home, SAFE, no throw
Batting: RHB Gilbert Graham 0-0: Foul Ball, location: 2F
0-1: Foul Ball, location: 2F
0-2: Ball
1-2: Fielders Choice at 2nd, 5-4 (Groundball, 56)
Top of the 3rd over - 2 runs, 3 hits, 0 errors, 2 left on base; Santa Barbara 2 - Bloomington 0
BOTTOM OF THE 3RD
Bloomington Longnecks batting - Pitching for Santa Barbara Golden Cranes : RHP Russ Horne
Batting: RHB Tony Martínez 0-0: SINGLE (Line Drive, 8LS)
Batting: RHB Eun-bum Kim 0-0: Ball
Tony Martínez steals 2nd base
1-0: SINGLE (Groundball, 6D)
Tony Martínez to third
Runner from 3rd tries for Home, SAFE, throw made home
Batting: SHB Benedict Patel 0-0: Called Strike
0-1: Fielders Choice at 2nd, 4-6 (Groundball, 4D)
Batting: RHB Yu-shu Tseng 0-0: Ball
1-0: Called Strike
1-1: Reached on error, E1 (Groundball, 13S)
Benedict Patel to second
Batting: RHB Toussiant L'Ouverture 0-0: Fly out, F7 (Flyball, 78S)
Batting: RHB Carlos Cardona 0-0: Called Strike
0-1: Foul Ball, location: 2F
0-2: Foul Ball, location: 2F
0-2: Ball
1-2: Fly out, F2 (Popup, 2LF)
Bottom of the 3rd over - 1 run, 2 hits, 1 error, 2 left on base; Santa Barbara 2 - Bloomington 1
TOP OF THE 4TH
Santa Barbara Golden Cranes batting - Pitching for Bloomington Longnecks : LHP Robby Oglethorpe
Batting: LHB Su-wu Xiao 0-0: Called Strike
0-1: Foul Ball, location: 2F
0-2: Foul Ball, location: 2F
0-2: Foul Ball, location: 2F
0-2: Foul Ball, location: 2F
0-2: SINGLE (Line Drive, 4MD)
Batting: LHB Jin-song Seah 0-0: SINGLE (Line Drive, 78S)
Su-wu Xiao to second
Batting: RHB Sun-jae Kwak 0-0: Foul Ball, location: 2F
0-1: Foul Ball, location: 2F
0-2: Ball
1-2: Strikes out swinging
Batting: RHB Rocky Zolman 0-0: Swinging Strike
0-1: Ball
1-1: Swinging Strike
1-2: Strikes out looking
Batting: LHB Tom Haymon 0-0: Foul Ball, location: 2F
0-1: Ball
1-1: Ball
2-1: Ball
3-1: Base on Balls
Su-wu Xiao to third
Jin-song Seah to second
Batting: RHB Gerardo Vázquez 0-0: Called Strike
0-1: Foul Ball, location: 2F
0-2: Ball
1-2: Ball
2-2: Strikes out swinging
Top of the 4th over - 0 runs, 2 hits, 0 errors, 3 left on base; Santa Barbara 2 - Bloomington 1
BOTTOM OF THE 4TH
Bloomington Longnecks batting - Pitching for Santa Barbara Golden Cranes : RHP Russ Horne
Batting: LHB Henk van Aardschot 0-0: Ball
1-0: Swinging Strike
1-1: Swinging Strike
1-2: Ball
2-2: Ball
3-2: Base on Balls
Batting: RHB Sébastien Bernard 0-0: Ball
1-0: Fly out, F5 (Line Drive, 5)
Batting: RHB Fletcher Megarity 0-0: Ball
1-0: Foul Ball, location: 2F
1-1: Fly out, F9 (Flyball, 89D)
Batting: RHB Tony Martínez 0-0: Foul Ball, location: 2F
0-1: Ball
1-1: Foul Ball, location: 2F
1-2: Strikes out swinging
Bottom of the 4th over - 0 runs, 0 hits, 0 errors, 1 left on base; Santa Barbara 2 - Bloomington 1
TOP OF THE 5TH
Santa Barbara Golden Cranes batting - Pitching for Bloomington Longnecks : LHP Robby Oglethorpe
Batting: RHB James Pike 0-0: Ground out 5-3 (Groundball, 56S)
Batting: LHB Xu Cheng 0-0: Called Strike
0-1: Ball
1-1: Ball
2-1: Ball
3-1: Base on Balls
Batting: RHB Gilbert Graham 0-0: Ball
Xu Cheng is caught stealing 2nd base
1-0: Swinging Strike
1-1: Called Strike
1-2: Strikes out swinging
Top of the 5th over - 0 runs, 0 hits, 0 errors, 0 left on base; Santa Barbara 2 - Bloomington 1
BOTTOM OF THE 5TH
Bloomington Longnecks batting - Pitching for Santa Barbara Golden Cranes : RHP Russ Horne
Batting: RHB Eun-bum Kim 0-0: Called Strike
0-1: Fly out, F5 (Popup, 15S)
Batting: SHB Benedict Patel 0-0: Ball
1-0: Swinging Strike
1-1: Ball
2-1: Foul Ball, location: 2F
2-2: Foul Ball, location: 2F
2-2: Strikes out looking
Batting: RHB Yu-shu Tseng 0-0: Ball
1-0: Foul Ball, location: 2F
1-1: Ground out 1-3 (Groundball, 15S)
Bottom of the 5th over - 0 runs, 0 hits, 0 errors, 0 left on base; Santa Barbara 2 - Bloomington 1
TOP OF THE 6TH
Santa Barbara Golden Cranes batting - Pitching for Bloomington Longnecks : LHP Robby Oglethorpe
Batting: LHB Su-wu Xiao 0-0: SINGLE (Groundball, 4MD)
Batting: LHB Jin-song Seah 0-0: Ball
1-0: Ball
2-0: Ground out U3 (Groundball, 34)
Su-wu Xiao to second
Batting: RHB Sun-jae Kwak 0-0: Intentional Walk
Batting: RHB Rocky Zolman 0-0: Ball
1-0: Called Strike
1-1: Foul Ball, location: 2F
1-2: Fly out, F8 (Line Drive, 8LD)
Runner from 2nd tags up, SAFE at 3rd with throw
Pitching: RHP Dermot Eridge
Batting: LHB Tom Haymon 0-0: Ball
1-0: Ball
2-0: Ground out 4-3 (Groundball, 4)
Top of the 6th over - 0 runs, 1 hit, 0 errors, 2 left on base; Santa Barbara 2 - Bloomington 1
BOTTOM OF THE 6TH
Bloomington Longnecks batting - Pitching for Santa Barbara Golden Cranes : RHP Russ Horne
Batting: RHB Toussiant L'Ouverture 0-0: Ball
1-0: Ball
2-0: Called Strike
2-1: Ball
3-1: Foul Ball, location: 2F
3-2: Base on Balls
Batting: RHB Carlos Cardona 0-0: Fly out, F8 (Flyball, 8RD)
Batting: LHB Henk van Aardschot 0-0: Foul Ball, location: 2F
0-1: Ball
1-1: Ball
2-1: Foul Ball, location: 2F
2-2: Ball
3-2: Base on Balls
Toussiant L'Ouverture to second
Batting: RHB Sébastien Bernard 0-0: Ball
1-0: DOUBLE (Flyball, 3D)
Toussiant L'Ouverture scores
Henk van Aardschot to third
Runner from 3rd tries for Home, SAFE, no throw
Batting: RHB Fletcher Megarity 0-0: Fly out, F3 (Popup, 3S)
Batting: RHB Tony Martínez 0-0: Ball
1-0: Foul Ball, location: 2F
1-1: Ball
2-1: Ground out 5-3 (Groundball, 56)
Bottom of the 6th over - 2 runs, 1 hit, 0 errors, 1 left on base; Santa Barbara 2 - Bloomington 3
TOP OF THE 7TH
Santa Barbara Golden Cranes batting - Pitching for Bloomington Longnecks : RHP Dermot Eridge
Batting: RHB Gerardo Vázquez 0-0: Ground out 5-3 (Groundball, 5)
Batting: RHB James Pike 0-0: Fly out, F4 (Popup, 4M)
Batting: LHB Xu Cheng 0-0: Foul Ball, location: 2F
0-1: Ball
1-1: Ball
2-1: Ball
3-1: Base on Balls
Batting: RHB Gilbert Graham 0-0: Ball
1-0: Foul Ball, location: 2F
1-1: Ball
2-1: Ball
3-1: Base on Balls
Xu Cheng to second
Batting: LHB Su-wu Xiao 0-0: Swinging Strike
0-1: Foul Ball, location: 2F
0-2: Strikes out looking
Top of the 7th over - 0 runs, 0 hits, 0 errors, 2 left on base; Santa Barbara 2 - Bloomington 3
BOTTOM OF THE 7TH
Bloomington Longnecks batting - Pitching for Santa Barbara Golden Cranes : RHP Russ Horne
Batting: RHB Eun-bum Kim 0-0: Foul Ball, location: 2F
0-1: Swinging Strike
0-2: Strikes out swinging
Batting: SHB Benedict Patel 0-0: Swinging Strike
0-1: Ball
1-1: Ball
2-1: Foul Ball, location: 2F
2-2: Ball
3-2: Foul Ball, location: 2F
3-2: Strikes out swinging
Batting: RHB Yu-shu Tseng 0-0: Called Strike
0-1: Swinging Strike
0-2: Ball
1-2: Foul Ball, location: 2F
1-2: Ball
2-2: Strikes out swinging
Bottom of the 7th over - 0 runs, 0 hits, 0 errors, 0 left on base; Santa Barbara 2 - Bloomington 3
TOP OF THE 8TH
Santa Barbara Golden Cranes batting - Pitching for Bloomington Longnecks : RHP Dermot Eridge
Batting: LHB Jin-song Seah 0-0: TRIPLE (Flyball, 89XD)
Pitching: RHP Cristián Moreno
Batting: RHB Sun-jae Kwak 0-0: Ball
1-0: Foul Ball, location: 2F
1-1: Ball
2-1: Ball
3-1: Called Strike
3-2: Foul Ball, location: 2F
3-2: 2-RUN HOME RUN (Line Drive, 7D), Distance : 401 ft
Batting: RHB Rocky Zolman 0-0: Ground out 5-3 (Groundball, 56)
Batting: LHB Tom Haymon 0-0: Called Strike
0-1: Ball
1-1: Ball
2-1: Foul Ball, location: 2F
2-2: Strikes out swinging
Batting: RHB Gerardo Vázquez 0-0: Fly out, F7 (Line Drive, 7)
Top of the 8th over - 2 runs, 2 hits, 0 errors, 0 left on base; Santa Barbara 4 - Bloomington 3
BOTTOM OF THE 8TH
Bloomington Longnecks batting - Pitching for Santa Barbara Golden Cranes : RHP Russ Horne
Now at 2B: Jorge López
Batting: RHB Toussiant L'Ouverture 0-0: Ball
1-0: SINGLE (Flyball, 78S)
Batting: RHB Carlos Cardona 0-0: Ball
1-0: Called Strike
1-1: Swinging Strike
1-2: SINGLE (Flyball, 9LS)
Toussiant L'Ouverture to second
Batting: LHB Henk van Aardschot 0-0: Called Strike
0-1: Fielders Choice at 2nd, 1-6 (Groundball, 13)
Toussiant L'Ouverture to third
Pinch Hitting: RHB Rob Gray 0-0: Ball
1-0: Called Strike
1-1: Ground out 5-3 (Groundball, 56S)
Henk van Aardschot to second
Batting: RHB Fletcher Megarity 0-0: Called Strike
0-1: Ball
1-1: Ground out 5-3 (Groundball, 56S)
Bottom of the 8th over - 0 runs, 2 hits, 0 errors, 2 left on base; Santa Barbara 4 - Bloomington 3
TOP OF THE 9TH
Santa Barbara Golden Cranes batting - Pitching for Bloomington Longnecks : RHP Cristián Moreno
Now at 1B: Rob Gray
Batting: RHB James Pike 0-0: Ball
1-0: Swinging Strike
1-1: Ball
2-1: Ball
3-1: Base on Balls
Batting: LHB Xu Cheng 0-0: Ball
1-0: Ground out 4-3 (Groundball, 4MS)
James Pike to second
Batting: RHB Gilbert Graham 0-0: Called Strike
0-1: Ball
1-1: Ball
2-1: Foul Ball, location: 2F
2-2: Foul Ball, location: 2F
2-2: Ball
3-2: Foul Ball, location: 2F
3-2: Strikes out swinging
Batting: LHB Su-wu Xiao 0-0: Ground out 4-3 (Groundball, 4M)
Top of the 9th over - 0 runs, 0 hits, 0 errors, 1 left on base; Santa Barbara 4 - Bloomington 3
BOTTOM OF THE 9TH
Bloomington Longnecks batting - Pitching for Santa Barbara Golden Cranes : RHP Russ Horne
Pitching: LHP Pedro Ortíz
Now in RF: Christian Turner
Pinch Hitting: RHB Masafumi Ito 0-0: Ball
1-0: Ball
2-0: Fly out, F2 (Popup, 2RF)
Batting: RHB Eun-bum Kim 0-0: Foul Ball, location: 2F
0-1: Ball
1-1: Called Strike
1-2: Foul Ball, location: 2F
1-2: Fly out, F4 (Popup, P)
Batting: SHB Benedict Patel 0-0: Called Strike
0-1: Ball
1-1: Ball
2-1: Foul Ball, location: 2F
2-2: Foul Ball, location: 2F
2-2: Ball
3-2: SINGLE (Flyball, 9LS)
Batting: RHB Yu-shu Tseng 0-0: Ball
1-0: Ball
2-0: SINGLE (Line Drive, 56D)
Benedict Patel to second
Runner from 2nd tries for 3rd, SAFE, throw made to third
Batting: RHB Toussiant L'Ouverture 0-0: Ball
1-0: Ball
2-0: Ball
3-0: Called Strike
3-1: Hit by Pitch
Yu-shu Tseng to second
Batting: RHB Carlos Cardona 0-0: Ball
1-0: Ball
2-0: Foul Ball, location: 2F
2-1: Ball
3-1: Base on Balls
Benedict Patel scores
Yu-shu Tseng to third
Toussiant L'Ouverture to second
Pinch Hitting: RHB Miguel Elías 0-0: Ball
1-0: Called Strike
1-1: Foul Ball, location: 2F
1-2: Foul Ball, location: 2F
1-2: Foul Ball, location: 2F
1-2: Foul Ball, location: 2F
1-2: Ball
2-2: Foul Ball, location: 2F
2-2: Foul Ball, location: 2F
2-2: Fly out, F9 (Flyball, 9S)
Bottom of the 9th over - 1 run, 2 hits, 0 errors, 3 left on base; Santa Barbara 4 - Bloomington 4
TOP OF THE 10TH
Santa Barbara Golden Cranes batting - Pitching for Bloomington Longnecks : RHP Cristián Moreno
Pitching: RHP Mark Zaugg
Now at 2B: Frank Crocker
Now at 3B: Miguel Elías
Batting: RHB Christian Turner 0-0: Ground out 1-3 (Groundball, 13)
Batting: RHB Sun-jae Kwak 0-0: SINGLE (Groundball, 56) (infield hit)
Pinch Hitting: RHB Freedon Akinmoladun 0-0: Grounds into double play, 4-6-3 (Groundball, 4)
Top of the 10th over - 0 runs, 1 hit, 0 errors, 0 left on base; Santa Barbara 4 - Bloomington 4
BOTTOM OF THE 10TH
Bloomington Longnecks batting - Pitching for Santa Barbara Golden Cranes : LHP Pedro Ortíz
Pitching: LHP Domingo Posadas
Now at 2B: Freedon Akinmoladun
Batting: RHB Rob Gray 0-0: Foul Ball, location: 2F
0-1: Ball
1-1: Ball
2-1: Swinging Strike
2-2: Strikes out looking
Batting: RHB Fletcher Megarity 0-0: Ball
1-0: Called Strike
1-1: Fly out, F8 (Flyball, 78D)
Batting: RHB Frank Crocker 0-0: Called Strike
0-1: Foul Ball, location: 2F
0-2: SINGLE (Groundball, 56D)
Batting: RHB Eun-bum Kim 0-0: Ball
1-0: Reached on error, E3 (Groundball, 34)
Frank Crocker to second
Batting: SHB Benedict Patel 0-0: Ball
1-0: Ball
2-0: Ball
3-0: Called Strike
3-1: Called Strike
3-2: Foul Ball, location: 2F
3-2: Strikes out swinging
Bottom of the 10th over - 0 runs, 1 hit, 1 error, 2 left on base; Santa Barbara 4 - Bloomington 4
TOP OF THE 11TH
Santa Barbara Golden Cranes batting - Pitching for Bloomington Longnecks : RHP Mark Zaugg
Batting: LHB Tom Haymon 0-0: Called Strike
0-1: Ball
1-1: Ball
2-1: Ball
3-1: Base on Balls
Batting: RHB Gerardo Vázquez 0-0: Ball
1-0: Ball
2-0: Ball
3-0: Grounds into double play, 6-4-3 (Groundball, 6M)
Batting: RHB James Pike 0-0: Swinging Strike
0-1: Ball
1-1: SINGLE (Line Drive, 6D)
Batting: LHB Xu Cheng 0-0: Ball
1-0: Ball
2-0: Foul Ball, location: 2F
2-1: Called Strike
2-2: Strikes out swinging
Top of the 11th over - 0 runs, 1 hit, 0 errors, 1 left on base; Santa Barbara 4 - Bloomington 4
BOTTOM OF THE 11TH
Bloomington Longnecks batting - Pitching for Santa Barbara Golden Cranes : LHP Domingo Posadas
Batting: RHB Yu-shu Tseng 0-0: Ball
1-0: Called Strike
1-1: Fly out, F9 (Flyball, 9LDF)
Batting: RHB Toussiant L'Ouverture 0-0: Ball
1-0: Swinging Strike
1-1: Foul Ball, location: 2F
1-2: Ball
2-2: SINGLE (Groundball, 56D)
Batting: RHB Carlos Cardona 0-0: Called Strike
0-1: Swinging Strike
0-2: Foul Ball, location: 2F
0-2: Fly out, F8 (Flyball, 8LS)
Batting: RHB Miguel Elías 0-0: Ball
1-0: Ball
2-0: Swinging Strike
2-1: Foul Ball, location: 2F
2-2: Fly out, F2 (Popup, 2RF)
Bottom of the 11th over - 0 runs, 1 hit, 0 errors, 1 left on base; Santa Barbara 4 - Bloomington 4
TOP OF THE 12TH
Santa Barbara Golden Cranes batting - Pitching for Bloomington Longnecks : RHP Mark Zaugg
Pitching: LHP Anaías Pedroza
Batting: RHB Gilbert Graham 0-0: Foul Ball, location: 2F
0-1: Swinging Strike
0-2: Ball
1-2: Ball
2-2: Strikes out looking
Batting: LHB Su-wu Xiao 0-0: Ball
1-0: Called Strike
1-1: Ball
2-1: Ball
3-1: Ground out 4-3 (Groundball, 4)
Batting: RHB Christian Turner 0-0: Ball
1-0: Swinging Strike
1-1: Ball
2-1: Fly out, F9 (Flyball, 89D)
Top of the 12th over - 0 runs, 0 hits, 0 errors, 0 left on base; Santa Barbara 4 - Bloomington 4
BOTTOM OF THE 12TH
Bloomington Longnecks batting - Pitching for Santa Barbara Golden Cranes : LHP Domingo Posadas
Batting: RHB Rob Gray 0-0: Ball
1-0: Fly out, F4 (Line Drive, 4M)
Batting: RHB Fletcher Megarity 0-0: Foul Ball, location: 2F
0-1: Ground out 6-3 (Groundball, 6MD)
Batting: RHB Frank Crocker 0-0: Swinging Strike
0-1: Ground out 5-3 (Groundball, 56)
Bottom of the 12th over - 0 runs, 0 hits, 0 errors, 0 left on base; Santa Barbara 4 - Bloomington 4
TOP OF THE 13TH
Santa Barbara Golden Cranes batting - Pitching for Bloomington Longnecks : LHP Anaías Pedroza
Batting: RHB Sun-jae Kwak 0-0: Foul Ball, location: 2F
0-1: Swinging Strike
0-2: Ball
1-2: Ball
2-2: Foul Ball, location: 2F
2-2: Fly out, F7 (Line Drive, 7)
Batting: RHB Freedon Akinmoladun 0-0: Swinging Strike
0-1: Ball
1-1: Foul Ball, location: 2F
1-2: Ball
2-2: Foul Ball, location: 2F
2-2: Ball
3-2: Strikes out looking
Pinch Hitting: RHB Logan Manning 0-0: Ball
1-0: Called Strike
1-1: Ball
2-1: Fly out, F8 (Flyball, 8LD)
Top of the 13th over - 0 runs, 0 hits, 0 errors, 0 left on base; Santa Barbara 4 - Bloomington 4
BOTTOM OF THE 13TH
Bloomington Longnecks batting - Pitching for Santa Barbara Golden Cranes : LHP Domingo Posadas
Now at 2B: Rubén Alvarado
Batting: RHB Eun-bum Kim 0-0: Ball
1-0: Ground out 1-3 (Groundball, P)
Batting: SHB Benedict Patel 0-0: Ball
1-0: Foul Ball, location: 2F
1-1: Called Strike
1-2: Fly out, F7 (Flyball, 78XD)
Batting: RHB Yu-shu Tseng 0-0: Ball
1-0: Swinging Strike
1-1: Ball
2-1: Swinging Strike
2-2: Foul Ball, location: 2F
2-2: Fly out, F7 (Flyball, 7)
Bottom of the 13th over - 0 runs, 0 hits, 0 errors, 0 left on base; Santa Barbara 4 - Bloomington 4
TOP OF THE 14TH
Santa Barbara Golden Cranes batting - Pitching for Bloomington Longnecks : LHP Anaías Pedroza
Batting: RHB Gerardo Vázquez 0-0: Called Strike
0-1: Ball
1-1: Fly out, F7 (Flyball, 7LS)
Batting: RHB James Pike 0-0: Ball
1-0: Ball
2-0: Called Strike
2-1: Ball
3-1: Swinging Strike
3-2: Strikes out swinging
Batting: LHB Xu Cheng 0-0: Swinging Strike
0-1: Ball
1-1: Called Strike
1-2: Foul Ball, location: 2F
1-2: Strikes out swinging
Top of the 14th over - 0 runs, 0 hits, 0 errors, 0 left on base; Santa Barbara 4 - Bloomington 4
BOTTOM OF THE 14TH
Bloomington Longnecks batting - Pitching for Santa Barbara Golden Cranes : LHP Domingo Posadas
Batting: RHB Toussiant L'Ouverture 0-0: Ground out 5-3 (Groundball, 56S)
Batting: RHB Carlos Cardona 0-0: SINGLE (Groundball, 6MD)
Pitching: RHP Santiago López
Batting: RHB Miguel Elías 0-0: Fly out, F7 (Flyball, 7)
Batting: RHB Rob Gray 0-0: Called Strike
0-1: Ball
1-1: Called Strike
1-2: Ball
2-2: Strikes out swinging
Bottom of the 14th over - 0 runs, 1 hit, 0 errors, 1 left on base; Santa Barbara 4 - Bloomington 4
TOP OF THE 15TH
Santa Barbara Golden Cranes batting - Pitching for Bloomington Longnecks : LHP Anaías Pedroza
Batting: RHB Gilbert Graham 0-0: Swinging Strike
0-1: Ball
1-1: Foul Ball, location: 2F
1-2: Hit by Pitch
Batting: LHB Su-wu Xiao 0-0: Sac Bunt - play at second, runner OUT! 1-6
Batting: RHB Christian Turner 0-0: Called Strike
0-1: Ball
1-1: Ball
2-1: Grounds into double play, 1-6-3 (Groundball, 13S)
Top of the 15th over - 0 runs, 0 hits, 0 errors, 0 left on base; Santa Barbara 4 - Bloomington 4
BOTTOM OF THE 15TH
Bloomington Longnecks batting - Pitching for Santa Barbara Golden Cranes : RHP Santiago López
Batting: RHB Fletcher Megarity 0-0: Ball
1-0: SINGLE (Groundball, 4MD)
Batting: RHB Frank Crocker 0-0: Ball
1-0: Sac Bunt - play at first, batter OUT! 1-4
Fletcher Megarity to second
Batting: RHB Eun-bum Kim 0-0: Fly out, F5 (Line Drive, 5)
Batting: SHB Benedict Patel 0-0: Ball
1-0: Called Strike
1-1: Ground out 6-3 (Groundball, 6)
Bottom of the 15th over - 0 runs, 1 hit, 0 errors, 1 left on base; Santa Barbara 4 - Bloomington 4
TOP OF THE 16TH
Santa Barbara Golden Cranes batting - Pitching for Bloomington Longnecks : LHP Anaías Pedroza
Batting: RHB Sun-jae Kwak 0-0: SINGLE (Groundball, 6MD)
Batting: RHB Freedon Akinmoladun 0-0: Called Strike
0-1: Ball
1-1: Swinging Strike
1-2: Strikes out swinging
Batting: RHB Rubén Alvarado 0-0: Called Strike
0-1: Called Strike
0-2: Ball
1-2: Foul Ball, location: 2F
1-2: Strikes out looking
Batting: RHB Gerardo Vázquez 0-0: Called Strike
0-1: Foul Ball, location: 2F
0-2: Foul Ball, location: 2F
0-2: Ball
1-2: Fly out, F8 (Flyball, 8RD)
Top of the 16th over - 0 runs, 1 hit, 0 errors, 1 left on base; Santa Barbara 4 - Bloomington 4
BOTTOM OF THE 16TH
Bloomington Longnecks batting - Pitching for Santa Barbara Golden Cranes : RHP Santiago López
Batting: RHB Yu-shu Tseng 0-0: Ball
1-0: Swinging Strike
1-1: Swinging Strike
1-2: Ground out 6-3 (Groundball, 6S)
Batting: RHB Toussiant L'Ouverture 0-0: Ball
1-0: Foul Ball, location: 2F
1-1: Swinging Strike
1-2: Ball
2-2: Strikes out looking
Batting: RHB Carlos Cardona 0-0: Swinging Strike
0-1: Foul Ball, location: 2F
0-2: Ball
1-2: Strikes out looking
Bottom of the 16th over - 0 runs, 0 hits, 0 errors, 0 left on base; Santa Barbara 4 - Bloomington 4
TOP OF THE 17TH
Santa Barbara Golden Cranes batting - Pitching for Bloomington Longnecks : LHP Anaías Pedroza
Batting: RHB James Pike 0-0: Ball
1-0: Called Strike
1-1: Fly out, F7 (Flyball, 7LD)
Batting: LHB Xu Cheng 0-0: Called Strike
0-1: Swinging Strike
0-2: Strikes out looking
Batting: RHB Gilbert Graham 0-0: Foul Ball, location: 2F
0-1: Ball
1-1: Ball
2-1: SOLO HOME RUN (Flyball, 7LD), Distance : 343 ft
Batting: LHB Su-wu Xiao 0-0: Ball
1-0: Ball
2-0: Called Strike
2-1: Foul Ball, location: 2F
2-2: SINGLE (Groundball, 4MD)
Batting: RHB Christian Turner 0-0: Called Strike
0-1: Fly out, F8 (Flyball, 8RS)
Top of the 17th over - 1 run, 2 hits, 0 errors, 1 left on base; Santa Barbara 5 - Bloomington 4
BOTTOM OF THE 17TH
Bloomington Longnecks batting - Pitching for Santa Barbara Golden Cranes : RHP Santiago López
Now at SS: Raúl Duarte
Batting: RHB Miguel Elías 0-0: Swinging Strike
0-1: Ball
1-1: Ball
2-1: Single, Error in OF, E9, batter to second base
Batting: RHB Rob Gray 0-0: Ball
1-0: Foul Ball, location: 2F
1-1: Ball
2-1: Ball
3-1: Called Strike
3-2: Foul Ball, location: 2F
3-2: Fly out, F8 (Flyball, 8RM)
Batting: RHB Fletcher Megarity 0-0: Ball
1-0: Ball
2-0: Foul Ball, location: 2F
2-1: SINGLE (Line Drive, 8RS)
Miguel Elías to third
Batting: RHB Frank Crocker 0-0: Called Strike
0-1: Fly out, F8 (Flyball, 8LD)
Runner from 3rd tags up, SCORES, throw made
Batting: RHB Eun-bum Kim 0-0: Ball
1-0: Called Strike
1-1: SINGLE (Line Drive, 9S)
Fletcher Megarity to second
Runner from 2nd tries for 3rd, SAFE, throw made to third
Pinch Runner at 3rd Daniel Faraday:
Batting: SHB Benedict Patel 0-0: Ball
1-0: Ball
2-0: Ball
3-0: Called Strike
3-1: Base on Balls
Eun-bum Kim to second
Batting: RHB Yu-shu Tseng 0-0: Fielders Choice at 2nd, 6-4 (Groundball, 6)
Bottom of the 17th over - 1 run, 3 hits, 1 error, 3 left on base; Santa Barbara 5 - Bloomington 5
TOP OF THE 18TH
Santa Barbara Golden Cranes batting - Pitching for Bloomington Longnecks : LHP Anaías Pedroza
Now in LF: Daniel Faraday
Batting: RHB Sun-jae Kwak 0-0: Called Strike
0-1: Ball
1-1: Called Strike
1-2: Ground out 5-3 (Groundball, 56)
Batting: RHB Freedon Akinmoladun 0-0: Ball
1-0: Called Strike
1-1: Ball
2-1: SINGLE (Groundball, 56D)
Pitching: LHP Gabriel Valenzuela
Batting: RHB Rubén Alvarado 0-0: Ball
1-0: Swinging Strike
1-1: Ball
2-1: Ball
3-1: Foul Ball, location: 2F
3-2: Foul Ball, location: 2F
3-2: Base on Balls
Freedon Akinmoladun to second
Batting: RHB Gerardo Vázquez 0-0: Called Strike
0-1: Swinging Strike
0-2: Strikes out looking
Pinch Hitting: RHB Frank Grimes 0-0: Called Strike
0-1: Foul Ball, location: 2F
0-2: Ball
1-2: Ball
2-2: Foul Ball, location: 2F
2-2: Foul Ball, location: 2F
2-2: Foul Ball, location: 2F
2-2: Fielders Choice at 2nd, 6-4 (Groundball, 56)
Top of the 18th over - 0 runs, 1 hit, 0 errors, 2 left on base; Santa Barbara 5 - Bloomington 5
BOTTOM OF THE 18TH
Bloomington Longnecks batting - Pitching for Santa Barbara Golden Cranes : RHP Santiago López
Now at 2B: Frank Grimes
Batting: RHB Toussiant L'Ouverture 0-0: Ball
1-0: Called Strike
1-1: Ball
2-1: Foul Ball, location: 2F
2-2: Ground out 5-3 (Groundball, 56S)
Batting: RHB Carlos Cardona 0-0: Foul Ball, location: 2F
0-1: Foul Ball, location: 2F
0-2: Ball
1-2: Foul Ball, location: 2F
1-2: Ball
2-2: Foul Ball, location: 2F
2-2: Foul Ball, location: 2F
2-2: Ball
3-2: Base on Balls
Pitching: RHP Salvador Torres
Batting: RHB Miguel Elías 0-0: Foul Ball, location: 2F
0-1: Hit by Pitch
Carlos Cardona to second
Batting: RHB Rob Gray 0-0: Ball
1-0: Ball
2-0: Called Strike
2-1: Ball
3-1: Called Strike
3-2: Fly out, F9 (Flyball, 9S)
Batting: LHB Daniel Faraday 0-0: Ball
1-0: Foul Ball, location: 2F
1-1: Ball
2-1: Foul Ball, location: 2F
2-2: Foul Ball, location: 2F
2-2: Foul Ball, location: 2F
2-2: Ball
3-2: Base on Balls
Carlos Cardona to third
Miguel Elías to second
Batting: RHB Frank Crocker 0-0: Ball
1-0: Foul Ball, location: 2F
1-1: Swinging Strike
1-2: Strikes out swinging
Bottom of the 18th over - 0 runs, 0 hits, 0 errors, 3 left on base; Santa Barbara 5 - Bloomington 5
TOP OF THE 19TH
Santa Barbara Golden Cranes batting - Pitching for Bloomington Longnecks : LHP Gabriel Valenzuela
Batting: LHB Xu Cheng 0-0: Called Strike
0-1: Swinging Strike
0-2: Ball
1-2: Ball
2-2: Strikes out looking
Batting: RHB Gilbert Graham 0-0: Swinging Strike
0-1: Ball
1-1: Foul Ball, location: 2F
1-2: Strikes out swinging
Batting: LHB Su-wu Xiao 0-0: Called Strike
0-1: Ball
1-1: Ball
2-1: Ground out U3 (Groundball, 3L)
Top of the 19th over - 0 runs, 0 hits, 0 errors, 0 left on base; Santa Barbara 5 - Bloomington 5
BOTTOM OF THE 19TH
Bloomington Longnecks batting - Pitching for Santa Barbara Golden Cranes : RHP Salvador Torres
Batting: RHB Eun-bum Kim 0-0: Swinging Strike
0-1: Called Strike
0-2: Ball
1-2: Ball
2-2: Strikes out swinging
Batting: SHB Benedict Patel 0-0: Ball
1-0: Ball
2-0: Ball
3-0: Called Strike
3-1: Foul Ball, location: 2F
3-2: Base on Balls
Batting: RHB Yu-shu Tseng 0-0: Ball
1-0: Fly out, F9 (Flyball, 9LS)
Batting: RHB Toussiant L'Ouverture 0-0: Ball
Benedict Patel steals 2nd base
1-0: Foul Ball, location: 2F
1-1: Foul Ball, location: 2F
1-2: Ball
2-2: Strikes out looking
Bottom of the 19th over - 0 runs, 0 hits, 0 errors, 1 left on base; Santa Barbara 5 - Bloomington 5
TOP OF THE 20TH
Santa Barbara Golden Cranes batting - Pitching for Bloomington Longnecks : LHP Gabriel Valenzuela
Batting: RHB Christian Turner 0-0: Called Strike
0-1: Foul Ball, location: 2F
0-2: Foul Ball, location: 2F
0-2: Ball
1-2: Foul Ball, location: 2F
1-2: Ball
2-2: Ball
3-2: Foul Ball, location: 2F
3-2: SINGLE (Line Drive, 6M)
Batting: RHB Sun-jae Kwak 0-0: Ball
1-0: Called Strike
1-1: Ball
2-1: Ball
3-1: Base on Balls
Christian Turner to second
Batting: RHB Freedon Akinmoladun 0-0: Called Strike
0-1: Ball
1-1: Ball
2-1: SINGLE (Flyball, 78M)
Christian Turner to third
Sun-jae Kwak to second
Runner from 3rd tries for Home, SAFE, throw made home
Batting: RHB Rubén Alvarado 0-0: Bunted foul
0-1: Bunted foul
0-2: Ball
1-2: Foul Ball, location: 2F
1-2: SINGLE (Groundball, 6D)
Sun-jae Kwak to third
Freedon Akinmoladun to second
Runner from 3rd tries for Home, SAFE, no throw
Batting: RHB Gerardo Vázquez 0-0: Called Strike
0-1: Hit by Pitch
Freedon Akinmoladun to third
Rubén Alvarado to second
Batting: RHB Frank Grimes 0-0: Fly out, F7 (Flyball, 78M)
Runner from 3rd tags up, SCORES, throw made
Batting: LHB Xu Cheng 0-0: Ball
1-0: Foul Ball, location: 2F
1-1: Foul Ball, location: 2F
1-2: Ball
2-2: DOUBLE (Flyball, 89XD)
Rubén Alvarado scores
Gerardo Vázquez to third
Batting: RHB Gilbert Graham 0-0: Intentional Walk
Pitching: LHP Steve Wortley
Batting: LHB Su-wu Xiao 0-0: SINGLE (Groundball, 34D)
Gerardo Vázquez scores
Xu Cheng to third
Gilbert Graham to second
Batting: RHB Christian Turner 0-0: Ball
1-0: Called Strike
1-1: Foul Ball, location: 2F
1-2: Fly out, F9 (Line Drive, 89D)
Runner from 3rd tags up, SCORES, no throw
Batting: RHB Sun-jae Kwak 0-0: Fly out, F6 (Line Drive, 6)
Top of the 20th over - 6 runs, 5 hits, 0 errors, 2 left on base; Santa Barbara 11 - Bloomington 5
BOTTOM OF THE 20TH
Bloomington Longnecks batting - Pitching for Santa Barbara Golden Cranes : RHP Salvador Torres
Batting: RHB Carlos Cardona 0-0: Called Strike
0-1: Ball
1-1: Foul Ball, location: 2F
1-2: SOLO HOME RUN (Flyball, 78XD), Distance : 385 ft
Batting: RHB Miguel Elías 0-0: Ball
1-0: Called Strike
1-1: Ball
2-1: Fly out, F9 (Flyball, 9S)
Batting: RHB Rob Gray 0-0: Ball
1-0: Ball
2-0: Fly out, F7 (Line Drive, 7D)
Batting: LHB Daniel Faraday 0-0: Ball
1-0: Ball
2-0: Foul Ball, location: 2F
2-1: Foul Ball, location: 2F
2-2: Foul Ball, location: 2F
2-2: Ground out 4-3 (Groundball, 4)
Bottom of the 20th over - 1 run, 1 hit, 0 errors, 0 left on base; Santa Barbara 11 - Bloomington 6
Friday, March 29th, 2019 - OOTP Baseball 18.8 Build 76